 Dungeon Crawl Stone Soup version 0.31-a0-1-g4198be8af4 (webtiles) character file.

Game seed: 10748124718138685622

29 bmack86 the Shield-Bearer (level 3, -3/33 HPs)
             Began as a Minotaur Fighter on May 2, 2023.
             Killed by an exploding hobgoblin (32 damage)
             ... ignited by their inner flame
             ... on level 2 of the Dungeon.
             The game lasted 00:01:42 (788 turns).

bmack86 the Shield-Bearer (Minotaur Fighter)         Turns: 788, Time: 00:01:42

Health: -3/33      AC:  8    Str: 22    XL:     3   Next: 1%
Magic:  2/2        EV:  9    Int:  5    God:
Gold:   28         SH:  4    Dex:  9    Spells: 2/2 levels left

rFire   . . .        a - +0 war axe
rCold   . . .        c - +0 buckler
rNeg    . . .        b - +0 scale mail
rPois   .            (helmet restricted)
rElec   .            (no cloak)
rCorr   .            i - +0 pair of gloves
SInv    .            (no boots)
Will    .....        (no amulet) Stlth
                     (no ring)
HPRegen 0.25/turn    (no ring)
MPRegen 0.08/turn

%: no passive effects
@: no status effects
A: horns 2, retaliatory headbutt
a: no special abilities


You were on level 2 of the Dungeon.
You visited 1 branch of the dungeon, and saw 2 of its levels.

You collected 28 gold pieces.

Inventory:

Hand Weapons
 a - a +0 war axe (weapon)
Armour
 b - a +0 scale mail (worn)
 c - a +0 buckler (worn)
 i - a +0 pair of gloves (worn)
Scrolls
 e - a scroll of blinking {unknown}
 g - a scroll of identify {unknown}
 h - a scroll of immolation
 j - a scroll of poison {unknown}
Potions
 d - a potion of might
 f - a potion of degeneration {unknown}


   Skills:
 + Level 3.9 Fighting
 * Level 3.3 Axes
 + Level 3.9 Armour
 + Level 4.0 Shields


You had 2 spell levels left.
You didn't know any spells.
Your spell library was empty.

Dungeon Overview and Level Annotations

Branches:
Dungeon (2/15)

Altars:


Innate Abilities, Weirdness & Mutations

You have a pair of horns on your head.
You reflexively headbutt those who attack you in melee.


Message History

You kill the bat!
You have reached level 3!
Your experience leads to an increase in your attributes!
Increase (S)trength, (I)ntelligence, or (D)exterity?
You feel stronger. x2
j - a scroll labelled JYXZEXIAWY A bat comes into view.
The bat hits you but does no damage.
You completely miss the bat. You block the bat's attack. x2
You closely miss the bat. You block the bat's attack. x2
The bat barely misses you. You furiously retaliate!
You headbutt the bat.
You kill the bat!
You see here a bat corpse.
You see here a dart slug corpse.
You open the door.
You see here a +0 club.
You enter the shallow water.
Moving in this stuff is going to be slow.
You enter the shallow water.
Moving in this stuff is going to be slow.
You enter the shallow water.
Moving in this stuff is going to be slow.
Partly explored, can't reach some places.
You enter the shallow water.
Moving in this stuff is going to be slow.
There is an open door here.
There is a stone staircase leading down here.
You climb downwards.
Found a scroll labelled REOCLU RYDWIT.
There is a stone staircase leading up here.
As you read the scroll labelled XEAMIMO BOHUI, it crumbles to dust.
The creatures around you are filled with an inner flame!
It was a scroll of immolation.
There is a stone staircase leading up here.
The hobgoblin hits you.
You hit the hobgoblin.
The hobgoblin explodes!
The fiery explosion engulfs you!!
Ouch! That really hurt!
You die...

... .?#
.# ..# .#
#.##.####
#..#.....
#......
#.§§+
#§§§#
#§@§#
#...#
#...#
#.#.#
#.#.#
#...#
##..# ..+


There were no monsters in sight!

Vanquished Creatures
  2 dart slugs (D:1)
  4 bats (D:1)
  An endoplasm (D:1)
  A giant cockroach (D:1)
  4 hobgoblins
  3 jackals (D:1)
  A kobold (D:1)
  2 ball pythons (D:1)
  4 goblins (D:1)
  2 rats (D:1)
24 creatures vanquished.

Notes
Turn   | Place    | Note
-------+----------+-------------------------------------------
     0 | D:1      | bmack86 the Minotaur Fighter began the quest for the Orb.
     0 | D:1      | Reached XP level 1. HP: 19/19 MP: 0/0
   117 | D:1      | Reached XP level 2. HP: 19/27 MP: 1/1
   483 | D:1      | Reached skill level 4 in Shields
   521 | D:1      | Reached XP level 3. HP: 33/33 MP: 2/2
   788 | D:2      | Killed by an exploding hobgoblin... ignited by their inner
                  | flame

Illustrated notes

Levels and vault maps discovered:
D:1:      minmay_arrival_four_circles, layout_basic,
          chequers_serial_rivers_large_a, minivault_19
D:2:      layout_rooms, serial_shops, shop, minivault_11, minmay_small_reverse_x

Skill      XL: |  1  2 |
---------------+-------+-----
Axes           | 3 |  3.3
Shields        | 4 |  4.0
Fighting       | |  3.9
Armour         | |  3.9

Action                     || total
---------------------------++-------
  Melee: War axe           ||    59
         Headbutt          ||     5
    Use: Scroll            ||     1
 Armour: Scale mail        ||    36
  Dodge: Dodged            ||    39
  Block: Buckler           ||    28

Table legend: (Time is in decaauts)
 A = Elapsed time spent in this place.
 B = Non-inter-level travel time spent in this place.
 C = Inter-level travel time spent in this place.
 D = Time resting spent in this place.
 E = Time spent auto-exploring this place.
 F = Levels seen in this place.
 G = Mean time per level.
                   A        B        C        D        E       F      G
               +--------+--------+--------+--------+--------+-----+--------+
         Total |    819 |    791 |     28 |      0 |    492 |   2 |  409.5 |
       Dungeon |    819 |    791 |     28 |      0 |    492 |   2 |  409.5 |
               +--------+--------+--------+--------+--------+-----+--------+

Top non-repeatable levels by time:
     D:1: 814 daAuts
     D:2: 4 daAuts
